Map: Dusk Towers

Players

TamamoNoMae

  • Race: Protoss Protoss
  • League: Master

Term - Winner!

  • Race: Terran Terran
  • League: Master

VOD

Have the link to the VOD?

Description

Time

  • Played on: Feb. 2, 2016, 2:23 p.m.
  • Length: 11:35
Show
View Real Time Build Order
Export as new Build Order

TamamoNoMae Protoss 

Build Orders: 1 Gate Expand 

Get SALT Encoding   

  12  0:01  Probe (Chrono Boost)  
  13  0:11  Probe (Chrono Boost)  
  14  0:17  Pylon  
  14  0:22  Probe (Chrono Boost)  
  15  0:35  Probe (Chrono Boost)  
  16  0:36  Gateway  
  16  0:46  Probe (Chrono Boost)  
  17  0:56  Probe (Chrono Boost)  
  18  0:57  Assimilator  
  18  1:07  Probe (Chrono Boost)  
  19  1:19  Nexus  
  19  1:27  Cybernetics Core  
  19  1:32  Probe (Chrono Boost)  
  20  1:38  Assimilator  
  20  1:43  Probe (Chrono Boost)  
  21  1:47  Pylon  
  21  1:53  Probe (Chrono Boost)  
  22  2:06  Mothership Core (Chrono Boost)  
  24  2:08  Adept (Chrono Boost)  
  26  2:18  Warp Gate (Chrono Boost)  
  26  2:22  Assimilator  
  26  2:24  Probe (Chrono Boost)  
  27  2:34  Probe  
  27  2:35  Adept (Chrono Boost)  
  27  2:36  Probe  
  31  2:45  Probe  
  31  2:48  Probe  
  33  2:55  Probe  
  33  2:56  Pylon  
  34  3:00  Probe  
  35  3:06  Probe  
  35  3:12  Probe  
  37  3:16  Probe  
  38  3:20  Stargate  
  38  3:21  Stargate  
  38  3:26  Probe  
  39  3:27  Probe  
  39  3:29  Assimilator  
  40  3:37  Probe  
  40  3:38  Probe  
  42  3:47  Pylon  
  42  3:48  Probe  
  42  3:50  Probe  
  44  3:59  Probe  
  44  4:02  Probe  
  46  4:03  Oracle (Chrono Boost)  
  46  4:05  Oracle (Chrono Boost)  
  52  4:11  Probe  
  52  4:14  Probe  
  54  4:19  Pylon  
  54  4:23  Probe  
  55  4:26  Probe  
  56  4:35  Oracle (Chrono Boost), Probe  
  56  4:38  Oracle (Chrono Boost), Probe  
  63  4:42  Pylon  
  64  4:48  Stalker, Probe  
  64  4:50  Probe  
  67  5:00  Probe  
  67  5:06  Oracle (Chrono Boost), Probe  
  72  5:09  Oracle (Chrono Boost)  
  72  5:12  Probe  
  76  5:18  Probe  
  76  5:20  Stalker  
  66  5:39  Probe  
  67  5:45  Oracle x2 (Chrono Boost)  
  73  5:57  Forge  
  73  5:59  Probe  
  73  6:07  Probe  
  73  6:11  Probe  
  75  6:24  Phoenix (Chrono Boost)  
  77  6:27  Pylon  
  77  6:32  Pylon  
  77  6:34  Photon Cannon, Probe  
  78  6:42  Fleet Beacon  
  78  6:45  Phoenix (Chrono Boost), Probe  
  78  6:46  Probe  
  78  6:47  Adept  
  84  6:56  Nexus  
  84  6:57  Probe  
  84  6:58  Probe  
  84  7:01  Pylon  
  86  7:06  Photon Cannon  
  86  7:09  Probe  
  86  7:13  Phoenix x2 (Chrono Boost)  
  91  7:20  Pylon  
  91  7:22  Pylon  
  91  7:23  Probe  
  91  7:27  Probe  
  91  7:28  Gateway  
  93  7:30  Gateway  
  82  8:03  Tempest (Chrono Boost)  
  82  8:04  Tempest (Chrono Boost)  
  82  8:05  Probe x2  
  92  8:08  Assimilator  
  92  8:11  Probe  
  93  8:13  Assimilator  
  93  8:17  Probe x2  
  95  8:21  Probe  
  96  8:29  Probe  
  96  8:31  Gateway x2  
  96  8:32  Probe x2  
  96  8:34  Twilight Council  
  99  8:40  Tempest (Chrono Boost)  
  99  8:41  Nexus  
  103  8:43  Tempest (Chrono Boost)  
  103  8:47  Probe x2  
  109  8:53  Protoss Ground Weapons Level 1 (Chrono Boost)  
  108  9:05  Forge  
  108  9:08  Gateway  
  108  9:09  Zealot x2  
  112  9:10  Gateway  
  112  9:13  Pylon  
  110  9:30  Templar Archives  
  110  9:36  Zealot x2  
  110  9:37  Zealot x3  
  120  9:42  Pylon  
  120  9:43  Pylon  
  120  9:44  Photon Cannon  
  117  9:58  Zealot x3  
  117  9:59  Zealot x2  
  127  10:09  Psionic Storm  
  115  10:20  Adept x5  
  125  10:21  Mothership Core  
  84  10:43  Adept  
  84  10:44  Adept x3  
  84  10:47  Twilight Council  
  86  10:52  Mothership Core  
  80  10:57  Adept x2  
  76  11:09  Adept x2  
  76  11:10  High Templar x2  
  62  11:19  Stalker  
  62  11:20  Stalker  
  65  11:32  Archon  
Show
View Real Time Build Order
Export as new Build Order

Term Terran - Winner!

Build Orders: Liberator Opening, Reaper Expand, MMM Bio 

Get SALT Encoding   

  12  0:01  SCV  
  13  0:13  SCV  
  14  0:18  Supply Depot  
  14  0:25  SCV  
  15  0:39  SCV  
  15  0:40  Barracks  
  16  0:44  Refinery  
  16  0:51  SCV  
  17  1:03  SCV  
  18  1:15  SCV  
  19  1:28  Reaper  
  19  1:29  Orbital Command  
  20  1:41  Command Center  
  20  1:51  Supply Depot  
  20  1:54  SCV  
  20  2:00  Barracks Reactor  
  21  2:08  SCV  
  22  2:20  SCV  
  22  2:22  Factory  
  23  2:28  Refinery  
  23  2:33  SCV  
  23  2:36  Marine x2  
  26  2:48  SCV  
  27  2:54  Orbital Command, Marine x2  
  29  3:01  SCV  
  30  3:06  Widow Mine  
  30  3:08  Starport  
  30  3:12  Marine x2  
  34  3:15  SCV  
  34  3:18  Supply Depot  
  35  3:22  SCV  
  36  3:28  SCV  
  36  3:31  Marine x2  
  39  3:37  SCV  
  39  3:38  Widow Mine  
  42  3:45  Command Center  
  42  3:46  Medivac  
  44  3:50  SCV  
  44  3:53  Marine x2  
  47  3:56  SCV  
  47  3:59  Liberator  
  47  4:01  Supply Depot  
  48  4:04  SCV, Engineering Bay  
  48  4:09  Widow Mine  
  54  4:22  Marine x2  
  56  4:26  Barracks  
  56  4:28  Barracks  
  56  4:33  SCV, Missile Turret  
  56  4:34  SCV  
  58  4:40  Missile Turret  
  58  4:45  SCV, Marine x2  
  61  4:52  Factory Tech Lab  
  61  4:55  Terran Infantry Weapons Level 1  
  61  4:58  SCV x2  
  61  4:59  Orbital Command  
  62  5:12  Marine x2  
  64  5:22  Starport Tech Lab  
  64  5:23  Barracks Reactor, Barracks Tech Lab  
  56  5:34  Marine x2  
  56  5:35  SCV x2  
  49  5:37  SCV  
  50  5:47  SCV  
  50  5:48  Marauder  
  53  5:50  Stimpack  
  53  5:51  Marine x2, Cyclone  
  53  5:56  SCV, Barracks  
  59  6:07  Marine x2  
  59  6:09  Marine  
  59  6:10  Starport Reactor  
  60  6:13  SCV x3  
  60  6:14  Refinery  
  59  6:19  Marine x2  
  59  6:25  SCV x2, Marine x2  
  63  6:28  Marauder  
  66  6:34  Siege Tank  
  66  6:35  SCV  
  66  6:37  Marine x2  
  72  6:43  SCV x2, Marine  
  75  6:47  SCV  
  76  6:54  Supply Depot  
  76  6:55  SCV  
  76  6:56  Supply Depot  
  76  6:57  Terran Infantry Armor Level 1, Supply Depot  
  76  6:59  Refinery  
  77  7:02  Missile Turret  
  77  7:03  Supply Depot  
  77  7:10  Armory  
  77  7:15  Marine, Medivac  
  77  7:16  SCV, Marauder x2  
  77  7:20  SCV  
  87  7:23  Combat Shields, Orbital Command  
  87  7:24  Marine x2  
  87  7:25  Marine  
  87  7:28  SCV  
  90  7:33  Marine  
  90  7:36  Medivac  
  90  7:37  Marine  
  93  7:44  Marine x2  
  85  7:46  Marine x2  
  76  7:51  Marine  
  76  7:54  Marine  
  72  8:02  Marine x2  
  72  8:04  Marine x2  
  74  8:09  Marine  
  74  8:10  SCV, Medivac x2  
  74  8:11  SCV, Barracks  
  74  8:12  SCV, Marine  
  82  8:19  Marine  
  83  8:20  Marine  
  83  8:21  Concussive Shells, Missile Turret  
  83  8:22  Marine x2  
  83  8:23  SCV x2, Missile Turret  
  83  8:24  SCV  
  90  8:29  Missile Turret  
  90  8:32  Marine  
  91  8:35  SCV x2, Thor  
  91  8:38  Barracks  
  91  8:40  Barracks  
  98  8:44  Terran Vehicle Weapons Level 1  
  98  8:45  Marine x3  
  98  8:46  Marine x2  
  103  8:50  Marine, Supply Depot  
  103  8:53  Supply Depot  
  103  8:54  Terran Infantry Weapons Level 2  
  104  8:58  Engineering Bay  
  104  9:02  Viking  
  105  9:03  Marine  
  105  9:04  Viking  
  105  9:07  Marine  
  109  9:11  Marine  
  109  9:12  SCV x3  
  113  9:31  Viking  
  113  9:32  Barracks Reactor, Marine x2  
  113  9:34  Barracks Reactor x2, Viking  
  113  9:42  Siege Tank  
  113  9:44  Orbital Command  
  113  9:45  Marine x3  
  115  9:50  Missile Turret  
  118  9:56  Marine x2  
  118  9:57  Marine  
  121  10:01  SCV x2, Viking  
  125  10:22  Marine  
  125  10:23  Marine  
  125  10:24  Marine  
  125  10:26  Marine  
  125  10:28  Marine  
  124  10:33  Marine x3  
  124  10:40  Marine  
  125  10:48  Marine x4, Medivac x2  
  133  10:50  Command Center, Marine  
  133  10:51  Marine x2  
  134  10:58  Marine  
  134  11:06  Marine x4  
  134  11:08  Marine  
Tags
 
Add a new tag
Caveats
  • Supply blocks, unpowered buildings, or Contaminate may cause inaccurate times.
  • Supply counts are checked every 10 seconds.